 Dungeon Crawl Stone Soup version 0.27.1-3-gb3d3a73c9e (webtiles) character file.

Game seed: 3063960151360360411

5902 CuBeRJAN3 the Fighter (level 10, 0/68 HPs)
             Began as a Gargoyle Fighter on Oct 28, 2021.
             Was an Elder of Okawaru.
             Slain by a basilisk (4 damage)
             ... on level 13 of the Dungeon.
             The game lasted 00:24:49 (10191 turns).

CuBeRJAN3 the Fighter (Gargoyle Fighter)           Turns: 10191, Time: 00:24:50

Health: 0/68       AC: 15    Str: 23    XL:     10   Next: 82%
Magic:  13/13      EV:  5    Int:  9    God:    Okawaru [****..]
Gold:   402        SH: 11    Dex:  9    Spells: 9/9 levels left

rFire    . . .     SeeInvis .   A - +2 flail (drain)
rCold    . . .     Faith    .   c - +0 kite shield
rNeg     + . .     Spirit   .   q - +2 plate armour {Will+}
rPois    ∞         Reflect  .   (no helmet)
rElec    +         Harm     .   (no cloak)
rCorr    .         Rampage  .   (no gloves)
Will     +....                  i - +0 pair of boots
Stlth    ..........             g - amulet of the acrobat
HPRegen  0.21/turn              e - +4 ring of slaying
MPRegen  0.13/turn              (no ring)

@: corroded
A: sickness immunity, AC +7, negative energy resistance 1, electricity
resistance, torment resistance 1, petrification resistance
a: Renounce Religion, Heroism


You were on level 13 of the Dungeon.
You worshipped Okawaru.
Okawaru was greatly pleased with you.
You visited 2 branches of the dungeon, and saw 12 of its levels.

You collected 402 gold pieces.

Inventory:

Hand Weapons
 A - a +2 flail of draining (weapon)
Armour
 c - a +0 kite shield (worn)
 i - a +0 pair of boots (worn)
 q - a +2 plate armour of willpower (worn)
Jewellery
 e - a +4 ring of slaying (left hand)
 g - an amulet of the acrobat (around neck)
Wands
 a - a wand of acid (10)
 t - a wand of flame (25)
 x - a wand of iceblast (2)
 y - a wand of digging (3)
Scrolls
 h - 2 scrolls of teleportation
 j - 3 scrolls of fear
 l - 2 scrolls of vulnerability
 m - a scroll of summoning {unknown}
 n - a scroll of acquirement {unknown}
 p - a scroll of enchant weapon {unknown}
 r - 2 scrolls of enchant armour {unknown}
 v - a scroll of fog {unknown}
 B - a scroll of noise {unknown}
 C - a scroll of magic mapping {unknown}
 E - a scroll of amnesia {unknown}
Potions
 b - 2 potions of flight {unknown}
 d - a potion of resistance {unknown}
 f - 3 potions of curing
 k - a potion of berserk rage
 o - 3 potions of mutation {unknown}
 s - a potion of might
 u - a potion of magic {unknown}
 w - a potion of attraction {unknown}
 z - a potion of degeneration {unknown}
 D - a potion of lignification {unknown}
 F - a potion of heal wounds {unknown}


   Skills:
 * Level 10.1 Fighting
 * Level 9.1 Maces & Flails
 + Level 7.5 Armour
 + Level 7.4 Shields
 + Level 4.2 Invocations
 + Level 2.3 Evocations


You had 9 spell levels left.
You didn't know any spells.
Your spell library contained the following spells:

 Spells                   Type           Power      Damage    Failure   Level
 Static Discharge         Conj/Air       0%         N/A       100%        2
 Dispel Undead            Necr           0%         3d6       100%        4
 Sticky Flame             Conj/Fire      0%         2d3       100%        4


Dungeon Overview and Level Annotations

Branches:
Dungeon (13/15)            Temple (1/1) D:6            Lair (0/6) D:9
    Orc: D:9-12      Vaults: D:13-14

Altars:
Ashenzari
Dithmenos
Elyvilon
Fedhas
Gozag
Kikubaaqudgha
Makhleb
Nemelex Xobeh
Okawaru
Ru
Uskayaw
Wu Jian
Xom
Yredelemnul
Zin
The Shining One

Annotations:
D:3 1 runed translucent door, exclusion: door, Grinder; makewrite's ghost, novice MiHu
D:9 1 runed translucent door, exclusion: door, CuBeRJAN3's ghost, journeyman GrFi; Harold


Innate Abilities, Weirdness & Mutations

You are immune to sickness and miasma.
Your stone body is resilient. (AC +7)
You are immune to poison.
You resist negative energy. (rN+)
You are resistant to electric shocks. (rElec)
You are resistant to unholy torment.
You are immune to petrification.


Message History

The basilisk is severely wounded.
Your surroundings suddenly seem different.
Found four items.
Found a stone staircase leading down.
You start resting.
A basilisk is nearby!
You see here 14 gold pieces.
An acid dragon comes into view.
The acid dragon roars!
The acid dragon spits acid at you. The splash of acid hits you.
The acid corrodes you!
You are splashed with acid!
The basilisk gazes at you. You resist with almost no effort.
You see here 14 gold pieces.
The basilisk gazes at you. You resist with almost no effort.
There is a stone staircase leading down here.
You thump the basilisk!
The basilisk is almost dead.
The basilisk bites you but does no damage.
You miss the basilisk.
The basilisk is almost dead.
The basilisk bites you but does no damage.
You hit the basilisk but do no damage.
The basilisk is almost dead.
The basilisk gazes at you. You resist with almost no effort.
The acid dragon spits acid at you. The splash of acid hits you.
* * * LOW HITPOINT WARNING * * *
The acid corrodes you!
You are splashed with acid!
* * * LOW HITPOINT WARNING * * *
The basilisk gazes at you. You resist with almost no effort.
You block the basilisk's attack.
You climb downwards.
There is a stone staircase leading up here.
You hit the basilisk.
The basilisk is almost dead.
The basilisk bites you.
You die...

......#
.....#
.....#
.....#
#....#
#....#
#....##
#@l...#
#.....#
#.....#
......#
+######


You could see a basilisk.

Vanquished Creatures
  A centaur warrior (D:12)
  A two-headed ogre (D:12)
  4 centaur zombies
  A gargoyle (D:6)
  3 wyverns
  Menkaure (D:7)
  3 water moccasins
  3 black bears
  An ice beast (D:6)
  3 sky beasts
  An orc warrior (D:7)
  6 ogres
  3 wolves (D:8)
  3 centaurs
  2 phantoms (D:4)
  A kobold brigand (D:9)
  A bullfrog (D:7)
  A gnoll sergeant (D:7)
  2 scorpions
  A wyvern skeleton (D:7)
  4 wights
  A centaur skeleton (D:6)
  A jelly (D:6)
  2 hounds
  Crazy Yiuf (D:6)
  A bullfrog skeleton (D:4)
  An orc priest (D:4)
  A gnoll shaman (D:8)
  3 iguanas
  3 orc wizards (D:4)
  A killer bee zombie (D:6)
  6 gnolls
  3 adders
  A shadow imp (D:7)
  A white imp (D:7)
  An ufetubus (D:6)
  3 adder skeletons (D:4)
  2 worms
  2 dart slugs (D:4)
  10 orcs
  3 bats
  4 endoplasms
  8 goblins
  7 hobgoblins
  16 jackals
  A quokka (D:2)
  9 ball pythons
  11 kobolds
  6 rats
155 creatures vanquished.

Vanquished Creatures (others)
  4 fungi (D:9)
  11 plants
15 creatures vanquished.

Grand Total: 170 creatures vanquished

Notes
Turn   | Place    | Note
-------+----------+-------------------------------------------
     0 | D:1      | CuBeRJAN3 the Gargoyle Fighter began the quest for the Orb.
     0 | D:1      | Reached XP level 1. HP: 14/14 MP: 1/1
   223 | D:1      | Noticed a great orb of eyes
   224 | D:1      | Found a faded altar of an unknown god.
   237 | D:1      | Noticed a great orb of eyes
   241 | D:1      | Noticed a great orb of eyes
   241 | D:1      | Noticed a golden eye
   410 | D:1      | Reached XP level 2. HP: 19/19 MP: 2/2
   426 | D:1      | You fall into a shaft and drop 1 floor!
   794 | D:2      | Reached XP level 3. HP: 16/24 MP: 3/3
  1521 | D:3      | Noticed a kobold brigand
  1586 | D:3      | Found a basalt altar of Yredelemnul.
  1774 | D:3      | Reached skill level 4 in Fighting
  1784 | D:3      | Found a shimmering altar of Xom.
  1890 | D:3      | Noticed Grinder
  2170 | D:3      | Reached XP level 4. HP: 25/29 MP: 4/4
  2710 | D:3      | Found a runed translucent door.
  2712 | D:3      | Noticed makewrite's ghost (novice MiHu)
  2797 | D:4      | Reached XP level 5. HP: 30/34 MP: 5/5
  3411 | D:4      | Noticed an ogre
  3411 | D:4      | Noticed an ogre
  3509 | D:3      | Killed an ogre
  3510 | D:3      | Reached skill level 5 in Fighting
  3510 | D:3      | Reached XP level 6. HP: 40/40 MP: 6/6
  3765 | D:4      | Reached XP level 7. HP: 44/44 MP: 7/7
  3831 | D:4      | Found an ornate altar of the Wu Jian Council.
  4084 | D:5      | Entered Level 5 of the Dungeon
  4199 | D:4      | Reached skill level 6 in Fighting
  4298 | D:5      | Reached skill level 5 in Maces & Flails
  4429 | D:5      | Identified the +1 falchion of Gallantry {vamp, rC- rN+
                  | Will+ rCorr}
  4637 | D:5      | Reached skill level 5 in Shields
  4881 | D:5      | Found an iron altar of Okawaru.
  5014 | D:5      | Reached skill level 5 in Armour
  5014 | D:5      | Reached XP level 8. HP: 45/52 MP: 8/8
  5269 | D:5      | Became a worshipper of Warmaster Okawaru
  5705 | D:6      | Reached skill level 7 in Fighting
  6000 | D:6      | Noticed a gargoyle
  6029 | D:6      | Killed a gargoyle
  6029 | D:6      | Reached * piety under Okawaru
  6331 | D:6      | Reached XP level 9. HP: 58/59 MP: 9/9
  6378 | D:6      | Reached ** piety under Okawaru
  6379 | D:6      | Reached skill level 8 in Fighting
  6389 | D:6      | Found an ancient bone altar of Kikubaaqudgha.
  6852 | D:6      | Reached skill level 1 in Invocations
  7012 | D:6      | Found a staircase to the Ecumenical Temple.
  7035 | Temple   | Entered the Ecumenical Temple
  7199 | D:6      | Found a glowing silver altar of Zin.
  7268 | D:6      | Found a runed translucent door.
  7269 | D:6      | Noticed Crazy Yiuf
  7275 | D:6      | Killed Crazy Yiuf
  7850 | D:7      | Found a glowing golden altar of the Shining One.
  7900 | D:7      | Reached *** piety under Okawaru
  8019 | D:7      | Reached skill level 9 in Fighting
  8096 | D:7      | Noticed Menkaure
  8101 | D:7      | Killed Menkaure
  8784 | D:8      | Reached XP level 10. HP: 61/66 MP: 12/12
  9358 | D:8      | Reached skill level 1 in Evocations
  9819 | D:9      | Reached **** piety under Okawaru
  9918 | D:9      | Found a staircase to the Lair.
  9999 | D:9      | Noticed Harold
 10066 | D:9      | Found a runed translucent door.
 10078 | D:9      | Noticed CuBeRJAN3's ghost (journeyman GrFi)
 10121 | D:9      | You fall into a shaft and drop 3 floors!
 10121 | D:12     | Noticed a death knight
 10121 | D:12     | Noticed a skeletal warrior
 10121 | D:12     | Noticed a skeletal warrior
 10125 | D:12     | Noticed a centaur warrior
 10125 | D:12     | Noticed a two-headed ogre
 10132 | D:12     | Killed a two-headed ogre
 10136 | D:12     | Noticed a gargoyle
 10136 | D:12     | Killed a centaur warrior
 10137 | D:12     | Reached skill level 10 in Fighting
 10188 | D:12     | HP: 3/68 [acid (15)]
 10191 | D:13     | Slain by a basilisk

Illustrated notes

Levels and vault maps discovered:
D:1:      dpeg_arrival_more_subterranean_lakeside_camping, layout_rooms,
          hellmonk_ecumenical_altar_watching_god
D:2:      layout_loops_ring
D:3:      layout_loops_ring, nicolae_overflow_crystal_walls, tgw_xom,
          ebering_ghost_sewer_d, minmay_goblin_kobold_house, uniq_grinder
D:4:      layout_basic, kennysheep_little_box, minmay_quantized
D:5:      layout_cave_pods, mainiacjoe_overflow_concentric_impassable
D:6:      layout_loops_corners, kennysheep_mini_moat,
          mainiacjoe_overflow_six_doors_small, minmay_temple_entry_offerings,
          minmay_stone_trees_small, uniq_crazy_yiuf_cottage
D:7:      layout_loops_ring, lemuel_round_altar, uniq_menkaure
D:8:      layout_gridville
D:9:      layout_long_grid, chequers_temple_overflow_statue_of_worship,
          mainiacjoe_overflow_alcove_2, minmay_lair_entry_grove,
          ebering_ghost_reflecting_pool, minmay_misc_feat_ornament, uniq_harold
D:12:     layout_basic, minmay_shattered_shrine, uniq_jorgrun, uniq_kirke,
          uniq_urug
D:13:     layout_irregular_city, ximxim_vaults_locker_room, uniq_josephine,
          uniq_frances
Temple:   nicolae_temple_figure_zero

Skill      XL: |  1  2  3  4  5  6  7  8  9 10 |
---------------+-------------------------------+-----
Fighting       | 4 5 6 7 9 10 | 10.1
Maces & Flails | 3 4 5 6 8 9 |  9.1
Armour         | 4 5 6 7 |  7.5
Shields        | 4 5 6 7 |  7.4
Invocations    | 3 4 |  4.2
Evocations     | 2 |  2.3

Action                   |  1- 3 |  4- 6 |  7- 9 | 10-12 || total
-------------------------+-------+-------+-------+-------++-------
Melee: Flail             |    93 |    94 |    66 |   117 ||   370
       Whip              |       |    40 |   153 |       ||   193
Invok: Heroism           |       |       |     1 |       ||     1
  Use: Scroll            |     2 |     2 |     1 |     3 ||     8
       Potion            |       |     1 |     2 |       ||     3
Armor: Scale mail        |    43 |    61 |       |       ||   104
       Plate armour      |       |    10 |   133 |   101 ||   244
Dodge: Dodged            |    29 |    56 |    46 |    27 ||   158
Block: Kite shield       |    51 |    86 |   109 |    94 ||   340
